 Dungeon Crawl Stone Soup version 0.27-a0-1193-g8631133539 (webtiles) character file.

Game seed: 12636767869906139390

57 roflturtle the Conjurer (level 3, 0/26 HPs)
             Began as a Demigod Conjurer on May 26, 2021.
             Slain by an iguana (2 damage)
             ... on level 2 of the Dungeon.
             The game lasted 00:05:38 (2019 turns).

roflturtle the Conjurer (Demigod Conjurer)          Turns: 2019, Time: 00:05:39

Health: 0/26       AC:  2    Str:  8    XL:     3   Next: 50%
Magic:  1/9        EV: 12    Int: 24    God:
Gold:   130        SH:  0    Dex: 12    Spells: 4/7 levels left

rFire    . . .     SeeInvis .   e - +0 dagger
rCold    . . .     Faith    .   (no shield)
rNeg     . . .     Spirit   .   a - +0 robe
rPois    .         Reflect  .   (no helmet)
rElec    .         Harm     .   (no cloak)
rCorr    .         Rampage  .   (no gloves)
Will     .....                  (no boots)
Stlth    ++........             (no amulet)
HPRegen  0.08/turn              (no ring)
MPRegen  0.11/turn              (no ring)

@: no status effects
A: high mp 1, forlorn
a: no special abilities


You were on level 2 of the Dungeon.
You visited 1 branch of the dungeon, and saw 3 of its levels.

You collected 130 gold pieces.

Inventory:

Hand Weapons
 e - a +0 dagger (weapon)
Armour
 a - a +0 robe (worn)
Jewellery
 j - a ring of poison resistance
Wands
 f - a wand of paralysis (9)
Scrolls
 d - a scroll of teleportation {unknown}
 g - a scroll of identify {unknown}
 i - a scroll of acquirement {unknown}
Potions
 b - a potion of degeneration {unknown}
 c - a potion of ambrosia {unknown}
 h - 2 potions of curing {unknown}


   Skills:
 - Level 2.0 Dodging
 - Level 2.0 Stealth
 + Level 2.7 Spellcasting
 - Level 4.2 Conjurations


You had 4 spell levels left.
You knew the following spells:

 Your Spells              Type           Power      Damage    Failure   Level
a - Magic Dart            Conj           92%        1d7       1%          1
b - Searing Ray           Conj           46%        3d4       3%          2

Your spell library contained the following spells:

 Spells                   Type           Power      Damage    Failure   Level
 Animate Skeleton         Necr           6%         N/A       11%         1
 Beastly Appendage        Tmut           6%         N/A       11%         1
 Pain                     Necr           12%        1d4       11%         1
 Dazzling Flash           Conj/Hex       26%        N/A       14%         3
 Wereblood                Tmut           3%         N/A       17%         2
 Spider Form              Tmut/Pois      1%         N/A       32%         3
 Vampiric Draining        Necr           1%         2d6       32%         3
 Fulminant Prism          Conj/Hex       6%         3d7       43%         4
 Iskenderun's Mystic Bla  Conj/Tloc      13%        2d5       43%         4
 Animate Dead             Necr           1%         N/A       73%         4
 Ice Form                 Ice/Tmut       3%         N/A       73%         4
 Agony                    Necr           3%         N/A       97%         5
 Hydra Form               Tmut           1%         N/A       97%         5


Dungeon Overview and Level Annotations

Branches:
Dungeon (3/15)


Innate Abilities, Weirdness & Mutations

Your attributes grow dramatically as you level up.
You have an increased reservoir of magic. (+10% MP)
You shall have no god before yourself.


Message History

Aim: an iguana (moderately wounded, 100% to hit)
The magic dart hits the iguana.
The iguana is moderately wounded.
Casting: Magic Dart (safe; 1% risk of failure)
Confirm with . or Enter, or press ? or * to list all spells.
Aiming: Searing Ray (safe; 3% risk of failure)
Press: ? - help, Shift-Dir - straight line, f/p - iguana
Aim: an iguana (moderately wounded, 81% to hit)
The searing ray misses the iguana. (Press . to maintain the ray.)
The iguana bites you.
The searing ray hits the iguana but does no damage.
The iguana is moderately wounded.
The iguana bites you!
The searing ray hits the iguana.
The iguana is heavily wounded.
The iguana bites you!
* * * LOW HITPOINT WARNING * * *
Found a scroll labelled NEONTE PIYCK.
An endoplasm comes into view.
There is a stone staircase leading up, spattered with blood here.
The iguana misses you.
You climb upwards.
There is a stone staircase leading down here.
There is an open door here.
There is an open door here.
Casting: Searing Ray (safe; 3% risk of failure)
Confirm with . or Enter, or press ? or * to list all spells.
Aiming: Searing Ray (safe; 3% risk of failure)
Press: ? - help, Shift-Dir - straight line, f - iguana
Aim: an iguana (moderately wounded, 81% to hit)
The searing ray hits the iguana.
The iguana is heavily wounded. (Press . to maintain the ray.)
The searing ray hits the iguana.
The iguana is severely wounded.
The iguana bites you.
* * * LOW HITPOINT WARNING * * *
The searing ray misses the iguana.
The iguana bites you.
You die...

#######.## ###.### #.##.... #.#
#.....# #.##.#.# #.# #.#.#.###
#.##.<.# ##+## #.#.....# #.##.###
##...## #.###.#.# #.......
##.....## #.###.#.# ####.... #
##.......###.....#.# #.##.
####.........####...#.#######.#..
...'.........'.l@................
####.........####...#.#######.#..
# ##.......## ##.##.# #.......
##.....## ####.# #.##...# ##...##
#<# #.###..# ##'## ###.##
#.###..# #.# #....# #......# #.#
#.#.## ##...... ##.## #>###
#.##.#.


You could see an iguana.

Vanquished Creatures
  A gnoll (D:1)
  2 adders (D:2)
  4 ball pythons
  A bat (D:1)
  3 endoplasms (D:2)
  3 giant cockroaches (D:1)
  5 hobgoblins
  A quokka (D:2)
  2 frilled lizards
  3 goblins
  A kobold (D:2)
  A rat (D:2)
27 creatures vanquished.

Notes
Turn   | Place    | Note
-------+----------+-------------------------------------------
     0 | D:1      | roflturtle the Demigod Conjurer began the quest for the
                  | Orb.
     0 | D:1      | Reached XP level 1. HP: 14/14 MP: 5/5
   343 | D:1      | Reached XP level 2. HP: 20/20 MP: 2/7
   346 | D:1      | Learned a level 2 spell: Searing Ray
   604 | D:1      | Reached skill level 4 in Conjurations
  1231 | D:2      | Reached XP level 3. HP: 26/26 MP: 5/9
  2019 | D:2      | Slain by an iguana

Illustrated notes

Levels and vault maps discovered:
D:1:      scummos_arrival_star, layout_basic, ebering_ecumenical_altar_hall,
          minivault_11
D:2:      layout_loops_corners, basic_altar
D:3:      layout_basic, marbit_many_paths, tgw_fedhas, serial_glass,
          glass_columns_a, glass_columns_b, st_stairs_13

Skill      XL: |  1  2 |
---------------+-------+-----
Spellcasting   | 2 |  2.7
Dodging        | 2 |  2.0
Conjurations   | 4 |  4.2
Stealth        | 2 |  2.0

Action                   || total
-------------------------++-------
Melee: Unarmed           ||     2
       Dagger            ||     9
 Cast: Magic Dart        ||    62
       Searing Ray       ||     3
Armor: Robe              ||     3
Dodge: Dodged            ||    13

Table legend: (Time is in decaauts)
 A = Elapsed time spent in this place.
 B = Non-inter-level travel time spent in this place.
 C = Inter-level travel time spent in this place.
 D = Time resting spent in this place.
 E = Time spent auto-exploring this place.
 F = Levels seen in this place.
 G = Mean time per level.
                   A        B        C        D        E       F      G
               +--------+--------+--------+--------+--------+-----+--------+
         Total |   2018 |   1970 |     48 |    405 |   1379 |   3 |  672.7 |
       Dungeon |   2018 |   1970 |     48 |    405 |   1379 |   3 |  672.7 |
               +--------+--------+--------+--------+--------+-----+--------+

Top non-repeatable levels by time:
     D:2: 1085 daAuts
     D:1: 911 daAuts
     D:3: 21 daAuts
